 Dungeon Crawl Stone Soup version 0.23.0 (webtiles) character file.

Game seed: 2164062322300241577

177 Kairos the Charmwright (level 5, -4/43 HPs)
             Began as a Gnoll Skald on Feb 11, 2019.
             Slain by an orc wizard
             ... wielding a +1 dagger of venom
              (5 damage)
             ... on level 3 of the Dungeon.
             The game lasted 00:05:19 (2408 turns).

Kairos the Charmwright (Gnoll Skald)                Turns: 2408, Time: 00:05:19

Health: -4/43      AC:  9    Str: 15    XL:     5   Next: 57%
Magic:  9/12       EV: 12    Int: 15    God:
Gold:   51         SH:  9    Dex: 14    Spells: 10/14 levels left

rFire    . . .     SeeInvis .   a - +3 spear
rCold    . . .     Gourm    .   c - +0 buckler
rNeg     . . .     Faith    .   r - +4 ring mail
rPois    .         Spirit   .   (no helmet)
rElec    .         Reflect  +   (no cloak)
rCorr    .         Harm     .   (no gloves)
MR       .....                  (no boots)
Stlth    +.........             o - +5 amulet of reflection
HPRegen  0.14/turn              (no ring)
MPRegen  0.13/turn              (no ring)

@: lethally poisoned (-4 -> -17), very slightly contaminated
A: distributed training, fangs 1, strong nose
a: no special abilities


You were on level 3 of the Dungeon.
You were not hungry.

You visited 1 branch of the dungeon, and saw 3 of its levels.

You collected 51 gold pieces.

Inventory:

Hand Weapons
 a - a +3 spear (weapon)
Armour
 b - a +0 leather armour
 c - a +0 buckler (worn)
 r - a +4 ring mail (worn)
Jewellery
 o - a +5 amulet of reflection (around neck)
Wands
 p - a wand of random effects (18)
Scrolls
 f - a scroll of blinking {unknown}
 i - 2 scrolls of remove curse {unknown}
 k - a scroll of identify {unknown}
 q - a scroll of immolation {unknown}
 s - a scroll of magic mapping
 v - a scroll of teleportation
 w - a scroll of fog {unknown}
Potions
 e - a potion of agility {unknown}
 g - a potion of cancellation
 j - a potion of degeneration {unknown}
 m - a potion of curing {unknown}
 n - a potion of ambrosia {unknown}
 t - a potion of berserk rage {unknown}
 u - a potion of invisibility {unknown}
 x - a potion of mutation {unknown}
Comestibles
 d - 3 rations


   Skills:
 + Level 4.8 Fighting
 + Level 1.5 Short Blades
 + Level 1.5 Long Blades
 + Level 1.5 Axes
 + Level 1.5 Maces & Flails
 + Level 4.8 Polearms
 + Level 1.5 Staves
 + Level 1.5 Slings
 + Level 1.5 Bows
 + Level 1.5 Crossbows
 + Level 1.5 Throwing
 + Level 3.0 Armour
 + Level 4.8 Dodging
 + Level 1.5 Stealth
 + Level 1.5 Shields
 + Level 1.5 Unarmed Combat
 + Level 5.2 Spellcasting
 + Level 1.2 Conjurations
 + Level 1.2 Hexes
 + Level 5.5 Charms
 + Level 1.2 Summonings
 + Level 1.2 Necromancy
 + Level 1.2 Translocations
 + Level 1.2 Transmutations
 + Level 1.2 Fire Magic
 + Level 1.2 Ice Magic
 + Level 1.2 Air Magic
 + Level 1.2 Earth Magic
 + Level 1.2 Poison Magic
 + Level 1.7 Invocations
 + Level 1.5 Evocations


You had 10 spell levels left.
You knew the following spells:

 Your Spells              Type           Power        Failure   Level  Hunger
a - Infusion              Chrm           ###.         4%          1    None
b - Regeneration          Chrm/Necr      ##........   30%         3    ###....

Your spell library contained the following spells:

 Spells                   Type           Power        Failure   Level  Hunger
 Song of Slaying          Chrm           ###.....     6%          2    ##.....
 Shroud of Golubria       Chrm/Tloc      ##........   16%         2    ##.....
 Spectral Weapon          Hex/Chrm       ##......     30%         3    ###....


Dungeon Overview and Level Annotations

Branches:
Dungeon (3/15)

Altars:
Nemelex Xobeh


Innate Abilities, Weirdness & Mutations

Your experience applies equally to all skills.
You have very sharp teeth.
Your uncanny sense of smell can sniff out nearby items.


Message History

You block the orc wizard's attack.
It was a potion of cancellation.
You feel magically purged.
* * * LOW HITPOINT WARNING * * *
You feel sick. The orc wizard casts a spell at you. The magic dart hits you.
* * * LOW HITPOINT WARNING * * *
Okay, then.
Okay, then.
Casting: Regeneration (safe; 30% risk of failure)
Confirm with . or Enter, or press ? or * to list all spells.
You miscast Regeneration.
You are very lightly contaminated with residual magic.
Nothing appears to happen.
* * * LOW HITPOINT WARNING * * *
You feel sick.
The orc wizard points at you and mumbles some strange words.
The magic dart hits you but does no damage.
The orc wizard hits you with a +1 dagger of venom.
You die...

*,,,,,,,∆,,,,,,**../#,*,,,,,**,,
#.......#****####...#,*,,,,,,...
#.......# #......#,****,,*#..
#.......# #...)..#.#***,,**..
#.......# #.........,,,,,,,,.
#.......######....#,*,,**,,,,,,,
*............)..#.#,**,**,.,*#,#
**#...##......).#,#,**,**,..##.#
#...##.......@#,*,**,**,......
#...##......o.#,*,**,**,..##.#
#.[.##...)....#>,,,,,,,,.....o
###...##......[.#**,,,,,,,......
#.....##..(.....#**,**,,,,......
#..)####...........,******..###.
#[..# #........###** *.,*##.
#...# #.†......# *,,,...
#...####........# *****##


You could see an orc wizard.

Vanquished Creatures
  A killer bee (D:3)
  4 adders
  A gnoll (D:3)
  An ooze (D:2)
  3 worms
  A dart slug (D:2)
  A leopard gecko (D:1)
  8 orcs (D:3)
  2 giant cockroaches
  8 goblins
  7 hobgoblins
  2 jackals (D:1)
  8 kobolds
  6 bats
  3 frilled lizards
  7 rats
63 creatures vanquished.

Notes
Turn   | Place    | Note
-------+----------+-------------------------------------------
     0 | D:1      | Kairos the Gnoll Skald began the quest for the Orb.
     0 | D:1      | Reached XP level 1. HP: 20/20 MP: 6/6
    86 | D:1      | Reached XP level 2. HP: 20/26 MP: 7/7
   867 | D:2      | Reached XP level 3. HP: 31/31 MP: 9/9
   901 | D:2      | Reached skill level 5 in Spellcasting
   930 | D:2      | Reached skill level 1 in Invocations
  1300 | D:2      | Reached skill level 1 in Short Blades
  1300 | D:2      | Reached skill level 1 in Long Blades
  1300 | D:2      | Reached skill level 1 in Axes
  1300 | D:2      | Reached skill level 1 in Maces & Flails
  1300 | D:2      | Reached skill level 1 in Staves
  1300 | D:2      | Reached skill level 1 in Slings
  1300 | D:2      | Reached skill level 1 in Bows
  1300 | D:2      | Reached skill level 1 in Crossbows
  1300 | D:2      | Reached skill level 1 in Throwing
  1300 | D:2      | Reached skill level 1 in Stealth
  1300 | D:2      | Reached skill level 1 in Shields
  1300 | D:2      | Reached skill level 1 in Unarmed Combat
  1300 | D:2      | Reached skill level 1 in Evocations
  1311 | D:2      | Reached XP level 4. HP: 37/38 MP: 11/11
  1762 | D:3      | Reached skill level 1 in Conjurations
  1762 | D:3      | Reached skill level 1 in Hexes
  1762 | D:3      | Reached skill level 1 in Summonings
  1762 | D:3      | Reached skill level 1 in Necromancy
  1762 | D:3      | Reached skill level 1 in Translocations
  1762 | D:3      | Reached skill level 1 in Transmutations
  1762 | D:3      | Reached skill level 1 in Fire Magic
  1762 | D:3      | Reached skill level 1 in Ice Magic
  1762 | D:3      | Reached skill level 1 in Air Magic
  1762 | D:3      | Reached skill level 1 in Earth Magic
  1762 | D:3      | Reached skill level 1 in Poison Magic
  2068 | D:3      | Learned a level 3 spell: Regeneration
  2083 | D:3      | Found a sparkling altar of Nemelex Xobeh.
  2114 | D:3      | Reached XP level 5. HP: 15/43 MP: 0/12
  2408 | D:3      | HP: 1/43 [poisoned by an orc wizard]
  2408 | D:3      | Slain by an orc wizard

Skill      XL: |  1  2  3  4  5 |
---------------+----------------+-----
Spellcasting   | 5 |  5.2
Invocations    | 1 |  1.7
Short Blades   | 1 |  1.5
Long Blades    | 1 |  1.5
Axes           | 1 |  1.5
Maces & Flails | 1 |  1.5
Staves         | 1 |  1.5
Slings         | 1 |  1.5
Bows           | 1 |  1.5
Crossbows      | 1 |  1.5
Throwing       | 1 |  1.5
Stealth        | 1 |  1.5
Shields        | 1 |  1.5
Unarmed Combat | 1 |  1.5
Evocations     | 1 |  1.5
Conjurations   | 1 |  1.2
Hexes          | 1 |  1.2
Summonings     | 1 |  1.2
Necromancy     | 1 |  1.2
Translocations | 1 |  1.2
Transmutations | 1 |  1.2
Fire Magic     | 1 |  1.2
Ice Magic      | 1 |  1.2
Air Magic      | 1 |  1.2
Earth Magic    | 1 |  1.2
Poison Magic   | 1 |  1.2
Armour         | 3 |  3.0
Fighting       | |  4.8
Polearms       | |  4.8
Dodging        | |  4.8
Charms         | |  5.5

Action                   |  1- 3 |  4- 6 || total
-------------------------+-------+-------++-------
Melee: Spear             |   113 |   168 ||   281
       Bite              |    13 |    22 ||    35
 Cast: Infusion          |     1 |     3 ||     4
       Regeneration      |       |     2 ||     2
  Use: Scroll            |       |     9 ||     9
       Potion            |       |     1 ||     1
 Stab: Sleeping          |     1 |       ||     1
  Eat: Chunk             |     1 |     2 ||     3
       Ration            |       |     1 ||     1
Armor: Leather armour    |    13 |       ||    13
       Ring mail         |     3 |    24 ||    27
Dodge: Dodged            |    46 |    64 ||   110
Block: Buckler           |    13 |    60 ||    73
       Reflection        |       |     1 ||     1
